 Dungeon Crawl Stone Soup version 0.29-a0-304-gb34f9e1 (webtiles) character file.

Game seed: 11472507923978918863

103 Think the Cutter (level 4, -2/31 HPs)
             Began as an Octopode Fighter on Mar 26, 2022.
             Was a Believer of Elyvilon.
             Slain by a gnoll
             ... wielding a +0 whip
              (4 damage)
             ... on level 3 of the Dungeon.
             The game lasted 00:05:14 (2730 turns).

Think the Cutter (Octopode Fighter)                 Turns: 2730, Time: 00:05:15

Health: -2/31      AC:  1    Str: 15    XL:     4   Next: 79%
Magic:  4/4        EV: 13    Int: 10    God:    Elyvilon [**....]
Gold:   162        SH:  4    Dex: 13    Spells: 3/3 levels left

rFire   . . .      SeeInvis .   a - +0 rapier
rCold   . . .      Faith    .   b - +0 buckler
rNeg    . . .      Spirit   .   (helmet restricted)
rPois   .          Reflect  .   (no amulet)
rElec   .          Harm     .   (no ring)
rCorr   .          Rampage  .   (no ring)
Will    .....                   (no ring)
Stlth   ++........              (no ring)
HPRegen 0.10/turn               (no ring)
MPRegen 0.09/turn               (no ring)
                                (no ring)
                                (no ring)

@: attractive, flying
A: almost no armour, amphibious, 8 rings, camouflage 1, gelatinous body 1,
(nimble swimmer 1), tentacles
a: Renounce Religion, Purification, Heal Other


You were on level 3 of the Dungeon.
You worshipped Elyvilon.
Elyvilon was pleased with you.
You visited 1 branch of the dungeon, and saw 4 of its levels.

You collected 162 gold pieces.

Inventory:

Hand Weapons
 a - a +0 rapier (weapon)
Armour
 b - a +0 buckler (worn)
Scrolls
 c - a scroll of torment {unknown}
 d - 2 scrolls of fear {unknown}
 f - 2 scrolls of identify {unknown}
 h - a scroll of fog {unknown}
 i - a scroll of enchant weapon {unknown}
 j - a scroll of magic mapping {unknown}
 k - a scroll of summoning {unknown}
 l - a scroll of noise {unknown}


   Skills:
 - Level 3.0 Fighting
 + Level 4.8 Short Blades
 - Level 3.0 Dodging
 - Level 3.0 Shields


You had 3 spell levels left.
You didn't know any spells.
Your spell library contained the following spells:

 Spells                   Type           Power      Damage    Failure   Level
 Magic Dart               Conj           0%         1d3       45%         1
 Call Imp                 Summ           0%         N/A       58%         2
 Mephitic Cloud           Conj/Pois/Air  0%         N/A       83%         3


Dungeon Overview and Level Annotations

Branches:
Dungeon (4/15)
 Temple: D:4-7

Altars:
Elyvilon
Ru


Innate Abilities, Weirdness & Mutations

You cannot wear most types of armour.
You are amphibious.
You can wear up to eight rings at the same time.
Your skin changes colour to match your surroundings (Stealth+).
Your rubbery body absorbs attacks. (AC +1, EV +1)
((You are camouflaged when in or above water. (Stealth+)))
You have tentacles for arms and can constrict up to eight enemies at once.


Message History

Okay, then.
You puncture the bat!
You kill the bat!
You see here a bat corpse.
You start resting.
HP restored.
Found a stone staircase leading down.
An ogre comes into view. It is wielding a +0 giant club.
The ogre shouts!
You see here 11 gold pieces.
Press: ? - help, Dir - move target, f - ogre Heal: an ogre, wielding a +0 giant club (uninterested)
The ogre would be completely unfazed by your meagre offer of peace.
Unknown command.
You see here a bat corpse.
There is a stone staircase leading up here.
You climb upwards.
The gnoll hits you with a +0 whip!
There is a stone staircase leading down here.
The gnoll attacks as you move away! The gnoll hits you with a +0 whip.
You open the door. The gnoll closely misses you.
The gnoll hits you from afar with a +0 halberd!
* * * LOW HITPOINT WARNING * * *
There is an open door here.
It was a potion of attraction.
You feel attractive to monsters. The hobgoblin closely misses you.
You block the gnoll's attack.
It was a potion of flight.
You feel very buoyant.
You fly up into the air.
The hobgoblin hits you but does no damage.
The gnoll closely misses you. The gnoll barely misses you.
Press: ? - help, Dir - move target, f - gnoll Heal: a gnoll, wielding a +0 whip (uninterested)
The gnoll would be completely unfazed by your meagre offer of peace.
The gnoll attacks as you move away! The gnoll misses you.
You block the hobgoblin's attack. The hobgoblin hits you.
* * * LOW HITPOINT WARNING * * *
The gnoll attacks as you move away! The gnoll hits you with a +0 whip.
You die...

........#.#......#.#..........
.......##........#g#..........
####.#..'......g..[#..........
#.#.##........###..........
#...##.....#### #J.........
####.#####..J#######..........
...#.# ##..##......... ...#.#
#..##g.....### ...#.#
#.Jggg@......# .>.#.#
#####......#.# ...#.# ########
...#.# ...#.# ##.#.# .#...#
###### #


You could see 3 gnolls, an endoplasm and a hobgoblin.

Vanquished Creatures
  A howler monkey (D:3)
  A worm (D:2)
  2 ball pythons (D:2)
  6 bats
  An endoplasm (D:2)
  3 giant cockroaches (D:2)
  8 hobgoblins
  3 jackals (D:2)
  10 kobolds
  3 quokkas
  3 frilled lizards
  8 goblins
  4 rats
53 creatures vanquished.

Vanquished Creatures (others)
  A plant (D:1)
  8 withered plants (D:1)
9 creatures vanquished.

Grand Total: 62 creatures vanquished

Notes
Turn   | Place    | Note
-------+----------+-------------------------------------------
     0 | D:1      | Think the Octopode Fighter began the quest for the Orb.
     0 | D:1      | Reached XP level 1. HP: 16/16 MP: 1/1
   367 | D:1      | Reached XP level 2. HP: 20/21 MP: 2/2
   472 | D:1      | Found a faded altar of an unknown god.
   512 | D:1      | Prayed at the altar of an unknown god.
   512 | D:1      | Became a worshipper of Elyvilon the Healer
   512 | D:1      | Reached * piety under Elyvilon
   549 | D:1      | Reached skill level 3 in Short Blades
  1243 | D:2      | Reached XP level 3. HP: 26/26 MP: 3/3
  1769 | D:2      | Reached ** piety under Elyvilon
  2108 | D:3      | Reached skill level 4 in Short Blades
  2115 | D:3      | Found a sacrificial altar of Ru.
  2213 | D:3      | Reached XP level 4. HP: 24/31 MP: 4/4
  2713 | D:4      | Noticed an ogre
  2730 | D:3      | Slain by a gnoll

Illustrated notes

Levels and vault maps discovered:
D:1:      heliophobic_arrival_dark_side_of_the_moon, layout_loops_ring,
          shapermc_ecumenical_altar_flowoftime, minivault_19,
          minmay_misc_feat_rows, chequers_serial_rivers_marsh, minivault_23,
          serial_park_tiny_pond, st_stairs_2
D:2:      layout_loops_ring
D:3:      cheibrodos_greedy_goblins, layout_basic,
          nicolae_ru_the_path_less_chosen, grunt_temple_overflow_open,
          st_stairs_4, solitary_fountain, chequers_serial_rivers_micro_c
D:4:      layout_basic, minmay_temple_entry_offerings, minmay_manual_monolith,
          uniq_grinder

Skill      XL: |  1  2  3 |
---------------+----------+-----
Short Blades   | 3 4 |  4.8
Fighting       | |  3.0
Dodging        | |  3.0
Shields        | |  3.0

Action                   |  1- 3 |  4- 6 || total
-------------------------+-------+-------++-------
Melee: Rapier            |    87 |    21 ||   108
       Constrict         |    26 |     6 ||    32
       Tentacles         |    21 |     5 ||    26
       Punch             |     2 |       ||     2
  Use: Potion            |     1 |     2 ||     3
 Stab: Sleeping          |     9 |       ||     9
Armor: Skin              |     7 |     4 ||    11
Dodge: Dodged            |    22 |    33 ||    55
Block: Buckler           |     6 |    11 ||    17

Table legend: (Time is in decaauts)
 A = Elapsed time spent in this place.
 B = Non-inter-level travel time spent in this place.
 C = Inter-level travel time spent in this place.
 D = Time resting spent in this place.
 E = Time spent auto-exploring this place.
 F = Levels seen in this place.
 G = Mean time per level.
                   A        B        C        D        E       F      G
               +--------+--------+--------+--------+--------+-----+--------+
         Total |   2737 |   2652 |     85 |    811 |   1426 |   4 |  684.2 |
       Dungeon |   2737 |   2652 |     85 |    811 |   1426 |   4 |  684.2 |
               +--------+--------+--------+--------+--------+-----+--------+

Top non-repeatable levels by time:
     D:2: 1144 daAuts
     D:1: 963 daAuts
     D:3: 442 daAuts
     D:4: 185 daAuts
